General information
- name: BNet
- type: Ladder team game (AT/RT)
- host: Battle.net
- saver: GOTTIST
map: TwilightRuins
- players: 8
- length: 42:07
- speed: Fast
- version: 1.27 W3XP
- replay type: Public
» download(318 KB)
Players
team 1 (winner)

»
LetsHaveFun (
pink | 132 APM | 5554 actions | 42:07)
8 Archmage
3 Summon Water Elemental
3 Brilliance Aura
1 Mass Teleport
1 Blizzard
5 Paladin
1 Devotion Aura
3 Holy Light
1 Divine Shield
2 Mountain King
1 Storm Bolt
1 Bash
» actions
| Assign group hotkey | 99 | |
| Basic commands | 229 | |
| Build / train | 152 | |
| Enter build submenu | 38 | |
| Enter hero's abilities submenu | 15 | |
| Give item / drop item | 6 | |
| Remove unit from queue | 9 | |
| Right click | 2062 | |
| Select / deselect | 912 | |
| Select group hotkey | 1837 | |
| Use ability | 195 | |
5554 total
» units
| Peasant | 26 | |
| Footman | 13 | |
| Rifleman | 1 | |
| Priest | 8 | |
| Sorceress | 12 | |
| Mortar Team | 4 | |
| Knight | 12 | |
| Siege Engine | 5 | |
| Spell Breaker | 2 | |
83 total
» upgrades
| Masonry | 1 | |
| Defend | 1 | |
| Gunpowder | 2 | |
| Plating | 3 | |
| Long Rifles | 1 | |
| Armor | 2 | |
| Fragmentation Shards | 1 | |
| Flare | 1 | |
| Barrage | 1 | |
| Priest Training | 2 | |
| Magic Sentry | 1 | |
| Animal War Training | 1 | |
| Swords | 1 | |
| Sorceress Training | 2 | |
| Control Magic | 2 | |
22 total
» buildings
| Altar of Kings | 1 | |
| Barracks | 2 | |
| Farm | 13 | |
| Town Hall | 5 | |
| Scout Tower | 9 | |
| Arcane Vault | 2 | |
| Lumber Mill | 2 | |
| Arcane Tower | 3 | |
| Guard Tower | 6 | |
| Blacksmith | 1 | |
| Keep | 1 | |
| Castle | 1 | |
| Arcane Sanctum | 2 | |
| Workshop | 2 | |
| Gryphon Aviary | 1 | |
51 total
» build order
00:07 Altar of Kings
00:22 Barracks
00:36 Farm
01:05 Farm
01:40 Farm
01:41 Farm
03:42 Farm
03:47 Town Hall
03:51 Scout Tower
03:52 Scout Tower
03:53 Scout Tower
03:53 Scout Tower
04:33 Arcane Vault
04:44 Lumber Mill
05:21 Scout Tower
05:48 Arcane Tower
05:51 Arcane Tower
06:12 Guard Tower
06:24 Scout Tower
06:40 Blacksmith
06:49 Guard Tower
06:50 Guard Tower
07:06 Guard Tower
07:09 Guard Tower
07:54 Keep
08:32 Lumber Mill
08:33 Barracks
08:39 Scout Tower
09:03 Scout Tower
09:29 Arcane Tower
09:34 Scout Tower
09:35 Arcane Vault
10:21 Castle
11:20 Farm
11:20 Farm
11:21 Farm
11:21 Farm
11:25 Arcane Sanctum
11:26 Workshop
11:28 Arcane Sanctum
11:44 Farm
11:45 Farm
11:52 Guard Tower
12:24 Farm
19:53 Town Hall
23:31 Workshop
27:07 Farm
31:52 Town Hall
32:45 Town Hall
32:50 Town Hall
37:02 Gryphon Aviary
» items
| Dust of Appearance | 1 | |
| Scroll of Regeneration | 4 | |
| Scroll of Town Portal | 1 | |
6 total

»
soicymikey (
blue | 32 APM | 1342 actions | 42:07)
5 Archmage
3 Blizzard
2 Brilliance Aura
» actions
| Build / train | 116 | |
| Enter build submenu | 31 | |
| Enter hero's abilities submenu | 6 | |
| Remove unit from queue | 9 | |
| Right click | 644 | |
| Select / deselect | 489 | |
| Use ability | 47 | |
1342 total
» units
| Peasant | 24 | |
| Rifleman | 22 | |
| Mortar Team | 23 | |
| Siege Engine | 15 | |
84 total
» upgrades
| Gunpowder | 3 | |
| Armor | 1 | |
| Long Rifles | 1 | |
| Lumber Harvesting | 2 | |
| Fragmentation Shards | 1 | |
| Barrage | 1 | |
9 total
» buildings
| Altar of Kings | 1 | |
| Barracks | 1 | |
| Farm | 14 | |
| Blacksmith | 1 | |
| Lumber Mill | 1 | |
| Scout Tower | 5 | |
| Arcane Vault | 1 | |
| Keep | 1 | |
| Guard Tower | 3 | |
| Arcane Tower | 1 | |
| Workshop | 2 | |
| Castle | 1 | |
| Town Hall | 2 | |
34 total
» build order
00:07 Altar of Kings
00:09 Barracks
00:13 Farm
01:06 Farm
01:48 Blacksmith
02:18 Farm
03:05 Farm
03:21 Lumber Mill
04:08 Scout Tower
04:32 Arcane Vault
05:16 Keep
05:17 Guard Tower
05:23 Scout Tower
05:58 Guard Tower
07:27 Scout Tower
08:02 Arcane Tower
08:08 Farm
09:02 Workshop
09:23 Farm
10:28 Castle
10:35 Scout Tower
11:18 Guard Tower
11:41 Workshop
16:41 Farm
17:51 Farm
18:31 Farm
19:31 Farm
21:45 Scout Tower
21:55 Farm
22:36 Farm
23:16 Farm
25:37 Farm
31:22 Town Hall
34:02 Town Hall
» items
| Mechanical Critter | 2 | |
| Claws of Attack +6 | 1 | |
| Scroll of Town Portal | 1 | |
4 total
SeabrookMiglla (
red | 49 APM | 2072 actions | 42:07)
5 Blademaster
2 Wind Walk
3 Critical Strike
4 Shadow Hunter
2 Hex
2 Serpent Ward
5 Dark Ranger
3 Black Arrow
2 Life Drain
» actions
| Assign group hotkey | 43 | |
| Basic commands | 7 | |
| Build / train | 76 | |
| ESC pressed | 4 | |
| Enter build submenu | 30 | |
| Enter hero's abilities submenu | 15 | |
| Give item / drop item | 5 | |
| Remove unit from queue | 1 | |
| Right click | 833 | |
| Select / deselect | 418 | |
| Select group hotkey | 495 | |
| Use ability | 141 | |
2072 total
» units
| Peon | 8 | |
| Grunt | 5 | |
| Raider | 7 | |
| Tauren | 4 | |
24 total
» upgrades
| Armor | 2 | |
| Melee Weapons | 2 | |
| Berserker Strength | 1 | |
| Ensnare | 1 | |
| Reinforced Defenses | 1 | |
| Pillage | 1 | |
| Backpack | 1 | |
| Pulverize | 1 | |
10 total
» buildings
| Altar of Storms | 2 | |
| Orc Burrow | 10 | |
| Barracks | 1 | |
| War Mill | 1 | |
| Voodoo Lounge | 2 | |
| Watch Tower | 8 | |
| Stronghold | 1 | |
| Beastiary | 1 | |
| Fortress | 1 | |
| Tauren Totem | 1 | |
| Great Hall | 1 | |
29 total
» build order
00:09 Altar of Storms
00:11 Orc Burrow
00:53 Barracks
01:28 War Mill
01:52 Orc Burrow
02:11 Voodoo Lounge
02:15 Voodoo Lounge
02:48 Watch Tower
03:36 Watch Tower
04:04 Watch Tower
04:45 Stronghold
04:50 Orc Burrow
07:21 Beastiary
07:35 Orc Burrow
07:40 Watch Tower
08:03 Fortress
09:19 Orc Burrow
09:23 Orc Burrow
10:06 Orc Burrow
10:30 Tauren Totem
14:50 Orc Burrow
18:47 Great Hall
18:56 Watch Tower
18:58 Watch Tower
21:00 Watch Tower
21:01 Watch Tower
27:54 Altar of Storms
28:10 Orc Burrow
30:30 Orc Burrow
» items
| Healing Salve | 5 | |
| Scroll of Speed | 1 | |
| Circlet of Nobility | 1 | |
| Scroll of Town Portal | 2 | |
| Orb of Lightning | 1 | |
| Scroll of Regeneration | 1 | |
| Lesser Clarity Potion | 3 | |
| Potion of Lesser Invulnerability | 1 | |
| Boots of Speed | 1 | |
16 total
GOTTIST (
yellow | 61 APM | 2554 actions | 42:07)
10 Blademaster
3 Wind Walk
3 Critical Strike
1 Bladestorm
3 Mirror Image
» actions
| Assign group hotkey | 138 | |
| Basic commands | 42 | |
| Build / train | 86 | |
| Enter build submenu | 80 | |
| Enter hero's abilities submenu | 10 | |
| Give item / drop item | 8 | |
| Remove unit from queue | 5 | |
| Right click | 1233 | |
| Select / deselect | 356 | |
| Select group hotkey | 367 | |
| Use ability | 229 | |
2554 total
» units
| Peon | 15 | |
| Grunt | 7 | |
| Goblin Shredder | 1 | |
| Goblin Sapper | 3 | |
| Troll Batrider | 5 | |
31 total
» upgrades
| Reinforced Defenses | 1 | |
| Ranged Weapons | 3 | |
| Armor | 3 | |
| Troll Regeneration | 1 | |
| Liquid Fire | 1 | |
9 total
» buildings
| Orc Burrow | 4 | |
| Altar of Storms | 1 | |
| Barracks | 1 | |
| Voodoo Lounge | 3 | |
| War Mill | 1 | |
| Stronghold | 1 | |
| Great Hall | 3 | |
| Watch Tower | 58 | |
| Fortress | 1 | |
| Beastiary | 5 | |
| Spirit Lodge | 1 | |
79 total
» build order
00:11 Orc Burrow
00:53 Altar of Storms
00:54 Barracks
01:07 Orc Burrow
01:42 Voodoo Lounge
02:18 War Mill
04:15 Stronghold
04:42 Orc Burrow
05:00 Great Hall
05:50 Watch Tower
06:40 Fortress
06:51 Watch Tower
06:52 Watch Tower
06:52 Watch Tower
08:01 Watch Tower
08:02 Watch Tower
08:03 Watch Tower
08:03 Watch Tower
08:09 Watch Tower
08:10 Watch Tower
08:11 Watch Tower
09:23 Watch Tower
09:23 Watch Tower
10:47 Orc Burrow
11:39 Watch Tower
11:40 Watch Tower
11:42 Watch Tower
11:43 Watch Tower
14:29 Watch Tower
14:31 Watch Tower
14:33 Watch Tower
14:48 Watch Tower
14:50 Watch Tower
14:55 Watch Tower
14:55 Watch Tower
14:58 Watch Tower
15:03 Watch Tower
15:07 Watch Tower
17:22 Beastiary
17:22 Beastiary
17:23 Beastiary
17:24 Beastiary
17:24 Beastiary
18:47 Watch Tower
19:28 Watch Tower
19:28 Watch Tower
19:29 Watch Tower
19:29 Watch Tower
19:30 Watch Tower
20:57 Watch Tower
20:58 Watch Tower
20:59 Watch Tower
21:03 Watch Tower
21:07 Watch Tower
22:24 Watch Tower
22:24 Watch Tower
22:24 Watch Tower
22:25 Watch Tower
22:27 Watch Tower
22:27 Watch Tower
22:28 Watch Tower
22:28 Watch Tower
22:36 Watch Tower
22:37 Watch Tower
22:55 Watch Tower
23:21 Watch Tower
23:21 Watch Tower
23:21 Watch Tower
24:18 Great Hall
24:28 Voodoo Lounge
24:31 Watch Tower
24:31 Watch Tower
24:33 Watch Tower
27:02 Watch Tower
27:39 Voodoo Lounge
33:07 Spirit Lodge
42:03 Great Hall
» items
| Healing Salve | 9 | |
| Boots of Speed | 1 | |
| Potion of Healing | 4 | |
| Potion of Mana | 4 | |
| Orb of Lightning | 1 | |
| Scroll of Town Portal | 5 | |
| Staff of Teleportation | 1 | |
| Lesser Clarity Potion | 3 | |
28 total
team 2 (loser)
MaryHippityPop (
purple | 89 APM | 3641 actions | 40:48)
9 Mountain King
3 Storm Bolt
3 Bash
1 Avatar
2 Thunder Clap
1 Dark Ranger
1 Silence
» actions
| Assign group hotkey | 60 | |
| Basic commands | 408 | |
| Build / train | 155 | |
| ESC pressed | 12 | |
| Enter build submenu | 34 | |
| Enter hero's abilities submenu | 11 | |
| Give item / drop item | 3 | |
| Right click | 1658 | |
| Select / deselect | 607 | |
| Select group hotkey | 547 | |
| Use ability | 146 | |
3641 total
» units
| Peasant | 24 | |
| Rifleman | 19 | |
| Goblin Shredder | 3 | |
| Gryphon Rider | 4 | |
| Necromancer | 1 | |
| Crypt Fiend | 1 | |
52 total
» upgrades
| Gunpowder | 4 | |
| Lumber Harvesting | 1 | |
| Long Rifles | 1 | |
| Armor | 3 | |
| Animal War Training | 2 | |
| Swords | 3 | |
| Storm Hammers | 1 | |
| Skeletal Mastery | 1 | |
| Unholy Strength | 1 | |
17 total
» buildings
| Farm | 11 | |
| Lumber Mill | 1 | |
| Keep | 5 | |
| Barracks | 3 | |
| Blacksmith | 1 | |
| Altar of Kings | 2 | |
| Arcane Vault | 1 | |
| Town Hall | 2 | |
| Castle | 6 | |
| Gryphon Aviary | 7 | |
| Ziggurat | 1 | |
40 total
» build order
00:06 Farm
00:11 Lumber Mill
01:48 Keep
01:48 Keep
01:48 Keep
01:48 Keep
02:10 Barracks
02:14 Barracks
02:16 Barracks
02:20 Blacksmith
02:29 Altar of Kings
02:38 Farm
03:37 Farm
04:06 Arcane Vault
04:44 Farm
06:15 Town Hall
06:39 Farm
08:23 Castle
08:23 Castle
08:23 Castle
08:24 Castle
12:45 Town Hall
12:48 Farm
12:48 Farm
13:11 Farm
14:32 Gryphon Aviary
14:33 Gryphon Aviary
14:34 Gryphon Aviary
15:57 Gryphon Aviary
15:57 Gryphon Aviary
15:58 Gryphon Aviary
16:31 Gryphon Aviary
16:36 Farm
27:22 Altar of Kings
28:25 Farm
28:25 Farm
35:09 Ziggurat
» items
| Boots of Speed | 1 | |
| Staff of Teleportation | 1 | |
| Scroll of Regeneration | 4 | |
| Lesser Clarity Potion | 5 | |
| Scroll of Town Portal | 3 | |
| Staff of Sanctuary | 1 | |
| Potion of Mana | 3 | |
| Potion of Healing | 6 | |
| Potion of Lesser Invulnerability | 1 | |
25 total

»
JBGarrison72 (
green | 41 APM | 1720 actions | 42:06)
6 Blademaster
2 Wind Walk
3 Critical Strike
1 Bladestorm
4 Tauren Chieftain
2 Endurance Aura
2 War Stomp
1 Dark Ranger
1 Charm
3 Shadow Hunter
2 Healing Wave
1 Hex
» actions
| Basic commands | 380 | |
| Build / train | 109 | |
| Enter build submenu | 35 | |
| Enter hero's abilities submenu | 14 | |
| Give item / drop item | 1 | |
| Right click | 524 | |
| Select / deselect | 540 | |
| Use ability | 117 | |
1720 total
» units
| Peon | 17 | |
| Grunt | 9 | |
| Raider | 7 | |
| Troll Witch Doctor | 8 | |
| Tauren | 17 | |
| Kodo Beast | 2 | |
60 total
» upgrades
| Berserker Strength | 1 | |
| Pillage | 1 | |
| Ensnare | 1 | |
| Witch Doctor Training | 2 | |
| Pulverize | 1 | |
| Reinforced Defenses | 1 | |
| Spiked Barricades | 1 | |
| Armor | 2 | |
| Melee Weapons | 2 | |
| War Drums Damage Increase | 1 | |
13 total
» buildings
| Orc Burrow | 8 | |
| Altar of Storms | 1 | |
| Voodoo Lounge | 1 | |
| War Mill | 1 | |
| Barracks | 1 | |
| Watch Tower | 10 | |
| Stronghold | 1 | |
| Beastiary | 1 | |
| Fortress | 1 | |
| Spirit Lodge | 1 | |
| Tauren Totem | 3 | |
| Great Hall | 1 | |
30 total
» build order
00:22 Orc Burrow
00:38 Altar of Storms
00:53 Voodoo Lounge
01:10 War Mill
01:58 Barracks
02:24 Orc Burrow
02:57 Watch Tower
03:39 Orc Burrow
04:09 Watch Tower
04:29 Stronghold
04:37 Watch Tower
05:50 Orc Burrow
07:09 Orc Burrow
08:20 Beastiary
09:19 Fortress
10:08 Orc Burrow
11:05 Spirit Lodge
11:24 Watch Tower
12:57 Orc Burrow
14:31 Tauren Totem
17:25 Orc Burrow
18:27 Watch Tower
19:20 Watch Tower
19:23 Watch Tower
21:42 Great Hall
25:55 Watch Tower
25:58 Watch Tower
28:14 Watch Tower
40:10 Tauren Totem
40:13 Tauren Totem
» items
| Healing Salve | 2 | |
| Lesser Clarity Potion | 2 | |
| Scroll of Speed | 3 | |
| Scroll of Town Portal | 4 | |
| Potion of Healing | 1 | |
| Claws of Attack +9 | 1 | |
| Orb of Lightning | 2 | |
| Boots of Speed | 1 | |
| Potion of Lesser Invulnerability | 1 | |
17 total
Zepam (
orange | 77 APM | 1601 actions | 20:52)
5 Dark Ranger
3 Black Arrow
2 Life Drain
2 Dreadlord
1 Sleep
1 Vampiric Aura
» actions
| Assign group hotkey | 38 | |
| Build / train | 65 | |
| Enter build submenu | 18 | |
| Enter hero's abilities submenu | 7 | |
| Give item / drop item | 3 | |
| Right click | 491 | |
| Select / deselect | 312 | |
| Select group hotkey | 595 | |
| Use ability | 71 | |
1601 total
» units
| Acolyte | 3 | |
| Ghoul | 5 | |
| Necromancer | 14 | |
| Obsidian Statue | 2 | |
| Frost Wyrm | 4 | |
| Abomination | 1 | |
29 total
» upgrades
| Creature Attack | 2 | |
| Unholy Strength | 2 | |
| Necromancer Training | 2 | |
| Unholy Armor | 2 | |
| Creature Carapace | 1 | |
| Skeletal Longevity | 1 | |
| Freezing Breath | 1 | |
11 total
» buildings
| Crypt | 1 | |
| Altar of Darkness | 1 | |
| Ziggurat | 8 | |
| Tomb of Relics | 1 | |
| Halls of the Dead | 1 | |
| Graveyard | 1 | |
| Black Citadel | 1 | |
| Temple of the Damned | 1 | |
| Slaughterhouse | 1 | |
| Nerubian Tower | 3 | |
| Sacrificial Pit | 1 | |
| Boneyard | 1 | |
21 total
» build order
00:07 Crypt
00:10 Altar of Darkness
00:35 Ziggurat
01:13 Ziggurat
01:40 Tomb of Relics
02:50 Halls of the Dead
03:15 Graveyard
03:37 Ziggurat
03:55 Ziggurat
05:20 Black Citadel
06:04 Temple of the Damned
06:11 Slaughterhouse
06:16 Nerubian Tower
06:17 Nerubian Tower
06:17 Nerubian Tower
07:01 Sacrificial Pit
08:20 Ziggurat
09:36 Ziggurat
11:18 Boneyard
18:54 Ziggurat
19:03 Ziggurat
» items
| Rod of Necromancy | 2 | |
| Gauntlets of Ogre Strength +3 | 1 | |
| Orb of Corruption | 1 | |
| Potion of Healing | 2 | |
| Potion of Mana | 1 | |
| Scroll of Town Portal | 1 | |
8 total
Ronald_Gump (
teal | 45 APM | 1840 actions | 40:46)
6 Goblin Tinker
3 Pocket Factory
1 Engineering Upgrade
1 Cluster Rockets
1 Robo-Goblin
1 Dark Ranger
1 Silence
» actions
| Assign group hotkey | 31 | |
| Basic commands | 29 | |
| Build / train | 122 | |
| Enter build submenu | 61 | |
| Enter hero's abilities submenu | 7 | |
| Give item / drop item | 2 | |
| Right click | 437 | |
| Select / deselect | 459 | |
| Select group hotkey | 543 | |
| Use ability | 148 | |
1840 total
» units
| Peasant | 29 | |
| Footman | 5 | |
| Goblin Shredder | 1 | |
| Flying Machine | 9 | |
| Mortar Team | 10 | |
| Obsidian Statue | 1 | |
| Crypt Fiend | 2 | |
| Necromancer | 2 | |
59 total
» upgrades
| Defend | 1 | |
| Masonry | 3 | |
| Gunpowder | 3 | |
| Lumber Harvesting | 1 | |
| Plating | 2 | |
| Flak Cannons | 1 | |
| Flare | 2 | |
| Armor | 1 | |
14 total
» buildings
| Barracks | 1 | |
| Farm | 9 | |
| Altar of Kings | 1 | |
| Scout Tower | 33 | |
| Arcane Tower | 3 | |
| Lumber Mill | 2 | |
| Arcane Vault | 2 | |
| Guard Tower | 21 | |
| Town Hall | 5 | |
| Keep | 2 | |
| Blacksmith | 1 | |
| Workshop | 3 | |
| Castle | 1 | |
| Cannon Tower | 3 | |
| Necropolis | 1 | |
| Nerubian Tower | 1 | |
| Ziggurat | 2 | |
91 total
» build order
00:23 Barracks
00:37 Farm
00:55 Altar of Kings
01:21 Scout Tower
01:35 Farm
01:54 Arcane Tower
02:02 Lumber Mill
03:09 Arcane Vault
03:13 Farm
03:14 Farm
03:21 Scout Tower
03:28 Scout Tower
04:00 Guard Tower
04:24 Guard Tower
05:23 Town Hall
05:38 Scout Tower
06:56 Guard Tower
06:58 Scout Tower
07:01 Scout Tower
07:02 Scout Tower
07:34 Guard Tower
08:03 Guard Tower
08:05 Scout Tower
08:42 Keep
08:42 Keep
09:04 Arcane Tower
09:16 Blacksmith
09:28 Scout Tower
10:08 Guard Tower
10:10 Scout Tower
10:18 Farm
10:19 Farm
10:19 Farm
10:19 Farm
10:20 Farm
11:07 Workshop
11:10 Castle
11:14 Workshop
11:23 Guard Tower
11:31 Workshop
13:31 Town Hall
13:39 Scout Tower
13:41 Scout Tower
13:47 Scout Tower
14:14 Guard Tower
14:17 Scout Tower
14:19 Scout Tower
14:52 Guard Tower
14:52 Guard Tower
14:55 Scout Tower
14:57 Scout Tower
15:31 Guard Tower
15:31 Guard Tower
16:15 Guard Tower
22:41 Scout Tower
23:10 Town Hall
24:00 Guard Tower
24:25 Scout Tower
24:52 Scout Tower
24:52 Scout Tower
24:52 Scout Tower
24:53 Scout Tower
24:53 Scout Tower
25:37 Town Hall
25:43 Scout Tower
25:44 Scout Tower
26:18 Guard Tower
26:48 Guard Tower
26:51 Cannon Tower
26:52 Scout Tower
26:55 Lumber Mill
27:05 Arcane Vault
27:07 Scout Tower
27:08 Scout Tower
27:11 Scout Tower
27:22 Arcane Tower
27:24 Guard Tower
27:34 Guard Tower
27:46 Cannon Tower
30:30 Town Hall
32:01 Scout Tower
32:25 Necropolis
33:22 Scout Tower
33:24 Scout Tower
34:06 Guard Tower
36:05 Nerubian Tower
36:47 Cannon Tower
37:03 Ziggurat
37:03 Ziggurat
38:17 Guard Tower
» items
| Scroll of Regeneration | 3 | |
| Potion of Lesser Invulnerability | 1 | |
| Scroll of Town Portal | 2 | |
| Staff of Teleportation | 1 | |
| Scroll of Protection | 2 | |
| Periapt of Vitality | 1 | |
10 total
Chat log
(00:14 / Allies) LetsHaveFun: foots
(00:15 / Allies) LetsHaveFun: to casters
(00:18 / Allies) LetsHaveFun: cc
(00:22 / Allies) soicymikey: rifes
(00:24 / Allies) soicymikey: tanks
(00:25 / Allies) soicymikey: mort
(00:31 / Allies) SeabrookMiglla: grunts
(00:32 / Allies) SeabrookMiglla: raiders
(00:34 / Allies) SeabrookMiglla: taurens
(05:18 / Allies) SeabrookMiglla: he gonna keep harrassing
(05:20 / Allies) SeabrookMiglla: get a tower
(09:03 / All) GOTTIST: love your map hacks fucking faggots
(09:28 / All) GOTTIST: lol
(09:32 / All) GOTTIST: 100% mh
(09:41 / Allies) LetsHaveFun: i go
(10:20 / Allies) SeabrookMiglla: ty
(10:30 / Allies) soicymikey: ty
(11:16 / Allies) GOTTIST: red hit this expo
(12:19 / Allies) GOTTIST: finish expo
(12:20 / Allies) GOTTIST: and tp
(12:22 / Allies) GOTTIST: finish expo
(12:22 / Allies) GOTTIST: and tp
(12:58 / Allies) LetsHaveFun: meet?
(13:06 / Allies) soicymikey: wood plz
(13:49 / Allies) GOTTIST: how is purp level 6
(13:56 / Allies) SeabrookMiglla: tp?
(13:59 / Allies) GOTTIST: yes
(14:18 / Allies) SeabrookMiglla: i have no idea how he is level 6 wtf
(14:50 / Allies) SeabrookMiglla: ty
(15:02 / Allies) SeabrookMiglla: get tp
(15:24 / Allies) SeabrookMiglla: hit him
(15:29 / Allies) SeabrookMiglla: kill the necs
(19:31 / Allies) SeabrookMiglla: mortar towers
(19:40 / Allies) SeabrookMiglla: tp?
(19:46 / Allies) SeabrookMiglla: nvm
(19:52 / Allies) SeabrookMiglla: we need to tp soon he gonna nuke our bases
(20:06 / Allies) SeabrookMiglla: b
(20:09 / Allies) SeabrookMiglla: b
(20:09 / Allies) SeabrookMiglla: b
(20:10 / Allies) SeabrookMiglla: b
(20:11 / Allies) SeabrookMiglla: b
(20:11 / Allies) SeabrookMiglla: b
(20:11 / Allies) SeabrookMiglla: b
(20:41 / Allies) GOTTIST: b out
(21:11 / Allies) LetsHaveFun: use
(22:11 / Allies) GOTTIST: hmm
(22:41 / Allies) SeabrookMiglla: we need to win the next fight
(22:47 / Allies) GOTTIST: yes
(22:55 / Allies) LetsHaveFun: i need 1 minute
(23:00 / Allies) LetsHaveFun: for my level 6 hero
(23:04 / Allies) LetsHaveFun: just started him :(
(23:07 / Allies) GOTTIST: lumber me pink
(23:15 / Allies) SeabrookMiglla: we ned to kill the gryphs
(23:19 / Allies) SeabrookMiglla: thats whats fucking us up
(23:30 / Allies) soicymikey: i got the tanks
(23:38 / Allies) SeabrookMiglla: gj yellow
(23:40 / Allies) SeabrookMiglla: next fight though
(23:42 / Allies) SeabrookMiglla: everyone come
(23:46 / Allies) SeabrookMiglla: we all need to fight togfether
(23:47 / Allies) SeabrookMiglla: meet
(24:00 / Allies) SeabrookMiglla: just wait
(24:01 / Allies) soicymikey: where
(24:04 / Allies) SeabrookMiglla: and be ready to TP
(24:07 / Allies) SeabrookMiglla: just wait
(24:18 / Allies) SeabrookMiglla: they will come
(24:23 / Allies) SeabrookMiglla: or if you wanna attack
(24:31 / Allies) SeabrookMiglla: fuck it
(24:35 / Allies) SeabrookMiglla: we havbe tanks lets roll
(24:51 / Allies) SeabrookMiglla: blue lets roll
(24:57 / Allies) SeabrookMiglla: tp
(24:58 / Allies) GOTTIST: fight in towers
(25:00 / Allies) SeabrookMiglla: tp
(25:10 / Allies) soicymikey: im tping
(26:00 / Allies) soicymikey: gogogogo
(26:55 / Allies) SeabrookMiglla: i need gold plz
(27:02 / Allies) soicymikey: me too
(27:04 / Allies) soicymikey: need a mine
(27:16 / Allies) SeabrookMiglla: yellow hook it up plz
(28:05 / Allies) GOTTIST: heal me pally
(28:21 / Allies) GOTTIST: I needa heal
(28:56 / Allies) GOTTIST: heal plez
(29:00 / Allies) LetsHaveFun: who
(29:03 / Allies) GOTTIST: bm
(29:07 / Allies) GOTTIST: danke
(29:22 / Allies) soicymikey: lets kill
(34:11 / Allies) SeabrookMiglla: gold plz
(34:14 / Allies) SeabrookMiglla: need to revive hero
(34:28 / Allies) SeabrookMiglla: ty
(34:28 / Allies) LetsHaveFun: go somewhere
(34:30 / Allies) LetsHaveFun: il tele in
(34:34 / Allies) GOTTIST: don't let them expand anymore
(35:38 / Allies) SeabrookMiglla: tele to me
(35:41 / Allies) GOTTIST: tp on my bm when I get to orange expo pink
(36:02 / Allies) GOTTIST: should have attacked oranges
(36:31 / Allies) GOTTIST: out
(36:32 / Allies) GOTTIST: out
(36:33 / Allies) GOTTIST: out
(36:36 / Allies) soicymikey: this game is getting scrappy
(36:40 / Allies) GOTTIST: OUT
(36:52 / Allies) soicymikey: yellow
(36:54 / Allies) SeabrookMiglla: we need a plan
(36:54 / Allies) soicymikey: cna i get gold
(36:57 / Allies) soicymikey: plz
(37:05 / Allies) soicymikey: ty
(37:14 / Allies) soicymikey: ur like the rich uncle
(37:22 / Allies) GOTTIST: lawl
(37:28 / Allies) soicymikey: lmfao
(37:52 / Allies) soicymikey: btw
(37:58 / Allies) soicymikey: u can tp to this'
(38:01 / Allies) GOTTIST: out
(39:44 / Allies) SeabrookMiglla: heal my b,m please
(39:49 / Allies) SeabrookMiglla: ty
(40:49 / All) GOTTIST: haha!
(40:52 / All) SeabrookMiglla: gg
(41:20 / Allies) SeabrookMiglla: tp
(41:22 / All) JBGarrison72: teal with his copters